PAA
SUN PRAIRIE SWALLOWS @ BELVEDERE PARK RAWHIDES
08/22/2023
 
TOP OF THE 1ST
Sun Prairie Swallows batting - Pitching for Belvedere Park Rawhides : RHP Nicholas Beyer
Pitching: RHP Nicholas Beyer
Batting: RHB José Silva 0-0: Fly out, F2 (Popup, 23F)
Batting: RHB Bob Wilson 0-0: Ground out 6-3 (Groundball, 6)
Batting: RHB Luis Tapia 0-0: Foul Ball, location: 2F
0-1: Ball
1-1: SINGLE (Line Drive, 78S)
Batting: SHB Chris Murray 0-0: Ball
1-0: Called Strike
1-1: Ground out U3 (Groundball, 3L)
Top of the 1st over - 0 run(s), 1 hit(s), 0 error(s), 1 left on base; Sun Prairie 0 - Belvedere Park 0
BOTTOM OF THE 1ST
Belvedere Park Rawhides batting - Pitching for Sun Prairie Swallows : RHP Henry Yates
Pitching: RHP Henry Yates
Batting: SHB Manuel González 0-0: Ball
1-0: Called Strike
1-1: Foul Ball, location: 2F
1-2: Ball
2-2: Fly out, F9 (Flyball, 9M)
Batting: RHB Pedro Jiménez 0-0: Ball
1-0: Ball
2-0: Ball
3-0: Called Strike
3-1: Called Strike
3-2: Fly out, F8 (Popup, 4MD)
Batting: RHB Domingo Calderón 0-0: Ball
1-0: Swinging Strike
1-1: Swinging Strike
1-2: Ball
2-2: Ground out 5-3 (Groundball, 5L)
Bottom of the 1st over - 0 run(s), 0 hit(s), 0 error(s), 0 left on base; Sun Prairie 0 - Belvedere Park 0
TOP OF THE 2ND
Sun Prairie Swallows batting - Pitching for Belvedere Park Rawhides : RHP Nicholas Beyer
Batting: RHB Matías Torrella 0-0: Ball
1-0: DOUBLE (Flyball, 89M)
Batting: RHB Darby Carveth 0-0: Called Strike
0-1: Swinging Strike
0-2: Ball
1-2: Ball
2-2: Foul Ball, location: 2F
2-2: Ball
3-2: Base on Balls
Batting: RHB Marcos Rivera 0-0: Fly out, F3 (Popup, 3DF)
Batting: RHB Reece White 0-0: Hit by Pitch
Matías Torrella to third
Darby Carveth to second
Batting: SHB Aurelio Costello 0-0: Ball
1-0: SINGLE (Groundball, 34D)
Matías Torrella scores
Darby Carveth to third
Reece White to second
Runner from 3rd tries for Home, SAFE, no throw or cutoff
Batting: RHB José Silva 0-0: Ball
1-0: SINGLE (Groundball, 25) (infield hit)
Reece White to third
Aurelio Costello to second
Batting: RHB Bob Wilson 0-0: Called Strike
0-1: Ball
1-1: Called Strike
1-2: Ball
2-2: Foul Ball, location: 2F
2-2: Ball
3-2: Foul Ball, location: 2F
3-2: Base on Balls
Reece White scores
Aurelio Costello to third
José Silva to second
Batting: RHB Luis Tapia 0-0: Foul Ball, location: 2F
0-1: Fly out, F6 (Popup, 6)
Batting: SHB Chris Murray 0-0: Ball
1-0: Foul Ball, location: 2F
1-1: Fly out, F5 (Popup, 5L)
Top of the 2nd over - 3 run(s), 3 hit(s), 0 error(s), 3 left on base; Sun Prairie 3 - Belvedere Park 0
BOTTOM OF THE 2ND
Belvedere Park Rawhides batting - Pitching for Sun Prairie Swallows : RHP Henry Yates
Batting: LHB Willie Brown 0-0: Fly out, F8 (Flyball, 8LXD)
Batting: RHB Jim Burch 0-0: Ball
1-0: Ground out 6-3 (Groundball, 6M)
Batting: RHB Danny Penn 0-0: Called Strike
0-1: Ball
1-1: Swinging Strike
1-2: Ball
2-2: Strikes out swinging wild pitch, reaches first!
Batting: RHB Victorino Navarro 0-0: Foul Ball, location: 2F
0-1: Foul Ball, location: 2F
0-2: Foul Ball, location: 2F
0-2: Ball
1-2: SINGLE (Line Drive, 4M)
Danny Penn to second
Batting: SHB Javier Valle 0-0: Ball
1-0: Called Strike
1-1: Foul Ball, location: 2F
1-2: Ball
2-2: Foul Ball, location: 2F
2-2: Ball
3-2: Strikes out swinging
Bottom of the 2nd over - 0 run(s), 1 hit(s), 0 error(s), 2 left on base; Sun Prairie 3 - Belvedere Park 0
TOP OF THE 3RD
Sun Prairie Swallows batting - Pitching for Belvedere Park Rawhides : RHP Nicholas Beyer
Batting: RHB Matías Torrella 0-0: Ball
1-0: Swinging Strike
1-1: Ball
2-1: Swinging Strike
2-2: Strikes out looking
Batting: RHB Darby Carveth 0-0: Ball
1-0: Called Strike
1-1: Ball
2-1: Ball
3-1: Base on Balls
Batting: RHB Marcos Rivera 0-0: Foul Ball, location: 2F
0-1: Ball
1-1: Ball
2-1: Fielders Choice at 2nd, 4-6 (Groundball, 34)
Batting: RHB Reece White 0-0: Ball
1-0: Called Strike
1-1: Ball
2-1: Fly out, F8 (Flyball, 8LM)
Top of the 3rd over - 0 run(s), 0 hit(s), 0 error(s), 1 left on base; Sun Prairie 3 - Belvedere Park 0
BOTTOM OF THE 3RD
Belvedere Park Rawhides batting - Pitching for Sun Prairie Swallows : RHP Henry Yates
Batting: RHB César López 0-0: Called Strike
0-1: Foul Ball, location: 2F
0-2: Ball
1-2: Foul Ball, location: 2F
1-2: Strikes out swinging
Batting: SHB Manuel González 0-0: Called Strike
0-1: Fly out, F8 (Flyball, 8LM)
Batting: RHB Pedro Jiménez 0-0: Ball
1-0: Swinging Strike
1-1: Ball
2-1: SINGLE (Groundball, 56D)
Batting: RHB Domingo Calderón 0-0: Ball
1-0: Foul Ball, location: 2F
1-1: Ball
2-1: Called Strike
2-2: Foul Ball, location: 2F
2-2: Foul Ball, location: 2F
2-2: Ball
3-2: Base on Balls
Pedro Jiménez to second
Batting: LHB Willie Brown 0-0: Ball
1-0: Ground out 3-1 (Groundball, 34)
Bottom of the 3rd over - 0 run(s), 1 hit(s), 0 error(s), 2 left on base; Sun Prairie 3 - Belvedere Park 0
TOP OF THE 4TH
Sun Prairie Swallows batting - Pitching for Belvedere Park Rawhides : RHP Nicholas Beyer
Batting: SHB Aurelio Costello 0-0: Foul Ball, location: 2F
0-1: Ball
1-1: Ball
2-1: Ball
3-1: Foul Ball, location: 2F
3-2: Strikes out looking
Batting: RHB José Silva 0-0: Ball
1-0: Foul Ball, location: 2F
1-1: Called Strike
1-2: Strikes out swinging
Batting: RHB Bob Wilson 0-0: Ball
1-0: Foul Ball, location: 2F
1-1: Foul Ball, location: 2F
1-2: Strikes out looking
Top of the 4th over - 0 run(s), 0 hit(s), 0 error(s), 0 left on base; Sun Prairie 3 - Belvedere Park 0
BOTTOM OF THE 4TH
Belvedere Park Rawhides batting - Pitching for Sun Prairie Swallows : RHP Henry Yates
Batting: RHB Jim Burch 0-0: Swinging Strike
0-1: Foul Ball, location: 2F
0-2: Ball
1-2: Foul Ball, location: 2F
1-2: Strikes out swinging
Batting: RHB Danny Penn 0-0: Fly out, F8 (Flyball, 8RM)
Batting: RHB Victorino Navarro 0-0: Ground out 5-3 (Groundball, 5)
Bottom of the 4th over - 0 run(s), 0 hit(s), 0 error(s), 0 left on base; Sun Prairie 3 - Belvedere Park 0
TOP OF THE 5TH
Sun Prairie Swallows batting - Pitching for Belvedere Park Rawhides : RHP Nicholas Beyer
Batting: RHB Luis Tapia 0-0: Swinging Strike
0-1: Called Strike
0-2: Ball
1-2: Foul Ball, location: 2F
1-2: Strikes out swinging
Batting: SHB Chris Murray 0-0: Ball
1-0: Called Strike
1-1: Called Strike
1-2: Ball
2-2: Ball
3-2: Strikes out swinging
Batting: RHB Matías Torrella 0-0: Foul Ball, location: 2F
0-1: Foul Ball, location: 2F
0-2: SINGLE (Groundball, 56D)
Batting: RHB Darby Carveth 0-0: Called Strike
0-1: Ball
1-1: SINGLE (Flyball, 9S)
Matías Torrella to second
Runner from 2nd tries for 3rd, SAFE, throw made to third
Batting: RHB Marcos Rivera 0-0: Called Strike
0-1: Ball
1-1: Ball
2-1: Swinging Strike
2-2: Foul Ball, location: 2F
2-2: Strikes out swinging
Top of the 5th over - 0 run(s), 2 hit(s), 0 error(s), 2 left on base; Sun Prairie 3 - Belvedere Park 0
BOTTOM OF THE 5TH
Belvedere Park Rawhides batting - Pitching for Sun Prairie Swallows : RHP Henry Yates
Batting: SHB Javier Valle 0-0: Called Strike
0-1: Foul Ball, location: 2F
0-2: Strikes out swinging
Batting: RHB César López 0-0: Fly out, F3 (Popup, 23)
Batting: SHB Manuel González 0-0: Ball
1-0: Foul Ball, location: 2F
1-1: Ball
2-1: Foul Ball, location: 2F
2-2: Ball
3-2: Strikes out swinging
Bottom of the 5th over - 0 run(s), 0 hit(s), 0 error(s), 0 left on base; Sun Prairie 3 - Belvedere Park 0
TOP OF THE 6TH
Sun Prairie Swallows batting - Pitching for Belvedere Park Rawhides : RHP Nicholas Beyer
Batting: RHB Reece White 0-0: Fly out, F8 (Flyball, 8LD)
Batting: SHB Aurelio Costello 0-0: Ball
1-0: Ground out 4-3 (Groundball, 34)
Batting: RHB José Silva 0-0: Ball
1-0: Swinging Strike
1-1: Swinging Strike
1-2: Ball
2-2: Ball
3-2: Strikes out swinging
Top of the 6th over - 0 run(s), 0 hit(s), 0 error(s), 0 left on base; Sun Prairie 3 - Belvedere Park 0
BOTTOM OF THE 6TH
Belvedere Park Rawhides batting - Pitching for Sun Prairie Swallows : RHP Henry Yates
Batting: RHB Pedro Jiménez 0-0: Ball
1-0: Foul Ball, location: 2F
1-1: Ball
2-1: Foul Ball, location: 2F
2-2: Ball
3-2: Fly out, F9 (Flyball, 9LM)
Batting: RHB Domingo Calderón 0-0: Ball
1-0: SINGLE (Groundball, 56D)
Batting: LHB Willie Brown 0-0: Swinging Strike
0-1: Swinging Strike
0-2: Strikes out swinging
Batting: RHB Jim Burch 0-0: Called Strike
0-1: Ball
1-1: Swinging Strike
1-2: Foul Ball, location: 2F
1-2: Foul Ball, location: 2F
1-2: Foul Ball, location: 2F
1-2: Strikes out swinging
Bottom of the 6th over - 0 run(s), 1 hit(s), 0 error(s), 1 left on base; Sun Prairie 3 - Belvedere Park 0
TOP OF THE 7TH
Sun Prairie Swallows batting - Pitching for Belvedere Park Rawhides : RHP Nicholas Beyer
Pitching: LHP Doug Ferguson
Batting: RHB Bob Wilson 0-0: Swinging Strike
0-1: Foul Ball, location: 2F
0-2: Ball
1-2: Strikes out swinging
Batting: RHB Luis Tapia 0-0: Ground out 6-3 (Groundball, 6)
Batting: SHB Chris Murray 0-0: Called Strike
0-1: DOUBLE (Line Drive, 3D)
Batting: RHB Matías Torrella 0-0: Ball
1-0: Ball
2-0: Ball
3-0: Base on Balls
Batting: RHB Darby Carveth 0-0: Swinging Strike
0-1: Called Strike
0-2: Strikes out looking
Top of the 7th over - 0 run(s), 1 hit(s), 0 error(s), 2 left on base; Sun Prairie 3 - Belvedere Park 0
BOTTOM OF THE 7TH
Belvedere Park Rawhides batting - Pitching for Sun Prairie Swallows : RHP Henry Yates
Batting: RHB Danny Penn 0-0: Called Strike
0-1: Ball
1-1: Called Strike
1-2: Ground out 5-3 (Groundball, 56)
Batting: RHB Victorino Navarro 0-0: Ball
1-0: Ball
2-0: Foul Ball, location: 2F
2-1: Ball
3-1: Called Strike
3-2: Foul Ball, location: 2F
3-2: Foul Ball, location: 2F
3-2: Fly out, F9 (Line Drive, 9M)
Batting: SHB Javier Valle 0-0: Foul Ball, location: 2F
0-1: Ball
1-1: Swinging Strike
1-2: Foul Ball, location: 2F
1-2: Ball
2-2: Strikes out swinging
Bottom of the 7th over - 0 run(s), 0 hit(s), 0 error(s), 0 left on base; Sun Prairie 3 - Belvedere Park 0
TOP OF THE 8TH
Sun Prairie Swallows batting - Pitching for Belvedere Park Rawhides : LHP Doug Ferguson
Batting: RHB Marcos Rivera 0-0: Called Strike
0-1: Called Strike
0-2: Foul Ball, location: 2F
0-2: Strikes out swinging
Batting: RHB Reece White 0-0: SINGLE (Line Drive, 56D)
Batting: SHB Aurelio Costello 0-0: Called Strike
0-1: Ball
1-1: SINGLE (Groundball, 6MD)
Reece White to second
Runner from 2nd tries for 3rd, SAFE, no throw or cutoff
Batting: RHB José Silva 0-0: Called Strike
0-1: Ball
1-1: Foul Ball, location: 2F
1-2: Ball
2-2: TRIPLE (Groundball, 5L)
Reece White scores
Aurelio Costello scores
Batting: RHB Bob Wilson 0-0: Fly out, F4 (Popup, 34)
Batting: RHB Luis Tapia 0-0: Fly out, F7 (Flyball, 7M)
Top of the 8th over - 2 run(s), 3 hit(s), 0 error(s), 1 left on base; Sun Prairie 5 - Belvedere Park 0
BOTTOM OF THE 8TH
Belvedere Park Rawhides batting - Pitching for Sun Prairie Swallows : RHP Henry Yates
Pitching: RHP Il-gyung Kim
Now at 2B: Dan Hart
Batting: RHB César López 0-0: DOUBLE (Line Drive, 7LM)
Batting: SHB Manuel González 0-0: Ball
1-0: Ball
2-0: SINGLE (Groundball, 6S)
César López to third
Batting: RHB Pedro Jiménez 0-0: Ball
1-0: Called Strike
1-1: Swinging Strike
1-2: Foul Ball, location: 2F
1-2: Strikes out looking
Batting: RHB Domingo Calderón 0-0: Ball
1-0: Ball
2-0: Called Strike
2-1: Fly out, F5 (Line Drive, 56)
2-1: Fly out, F5 (Line Drive, 56)
Batting: LHB Willie Brown 0-0: Fly out, F9 (Flyball, 89M)
Bottom of the 8th over - 0 run(s), 2 hit(s), 0 error(s), 2 left on base; Sun Prairie 5 - Belvedere Park 0
TOP OF THE 9TH
Sun Prairie Swallows batting - Pitching for Belvedere Park Rawhides : LHP Doug Ferguson
Batting: SHB Chris Murray 0-0: Swinging Strike
0-1: Swinging Strike
0-2: Ball
1-2: Ball
2-2: Foul Ball, location: 2F
2-2: Foul Ball, location: 2F
2-2: SINGLE (Line Drive, 4MD)
Batting: RHB Matías Torrella 0-0: Foul Ball, location: 2F
0-1: Fly out, F7 (Flyball, 7LM)
Batting: RHB Darby Carveth 0-0: Ball
1-0: Foul Ball, location: 2F
1-1: Foul Ball, location: 2F
1-2: Strikes out swinging
Batting: RHB Marcos Rivera 0-0: Ball
1-0: Foul Ball, location: 2F
1-1: Foul Ball, location: 2F
1-2: Ball
2-2: Foul Ball, location: 2F
2-2: SINGLE (Line Drive, 9LS)
Chris Murray to second
Runner from 2nd tries for 3rd, SAFE, no throw or cutoff
Pitching: RHP Martin Benthall
Batting: RHB Reece White 0-0: Ball
1-0: Ball
2-0: Called Strike
2-1: SINGLE (Groundball, 56)
Chris Murray scores
Marcos Rivera to second
Batting: RHB Dan Hart 0-0: Called Strike
0-1: Ball
1-1: Fly out, F3 (Popup, 3F)
Top of the 9th over - 1 run(s), 3 hit(s), 0 error(s), 2 left on base; Sun Prairie 6 - Belvedere Park 0
BOTTOM OF THE 9TH
Belvedere Park Rawhides batting - Pitching for Sun Prairie Swallows : RHP Il-gyung Kim
Now at C: Scott Forrest
Batting: RHB Jim Burch 0-0: Ground out 5-3 (Groundball, 56S)
Batting: RHB Danny Penn 0-0: Ball
1-0: Called Strike
1-1: Foul Ball, location: 2F
1-2: Foul Ball, location: 2F
1-2: Ball
2-2: Foul Ball, location: 2F
2-2: Strikes out swinging
Batting: RHB Victorino Navarro 0-0: Ball
1-0: Ground out 1-3 (Groundball, 23)
Bottom of the 9th over - 0 run(s), 0 hit(s), 0 error(s), 0 left on base; Sun Prairie 6 - Belvedere Park 0
This league is powered by Out of the Park Baseball, the baseball management simulation game for PC, Mac and Linux
Friday, July 8th, 2016 - OOTP Baseball 16.9 Build 39